 Dungeon Crawl Stone Soup version 0.18.1-6-gd335043 (webtiles) character file.

54582 Chemotherapy the Lord of Darkness (level 15, -6/112 HPs)
             Began as a Human Fire Elementalist on May 18, 2016.
             Was the Champion of Kikubaaqudgha.
             Mangled by an orc warrior
             ... wielding a cursed -2 hand axe
              (11 damage)
             ... on level 2 of the Orcish Mines.
             The game lasted 02:29:19 (26513 turns).

Chemotherapy the Lord of Darkness (HuFE)           Turns: 26513, Time: 02:29:19

Health: -6/112     AC: 15    Str:  4    XL:     15   Next: 14%
Magic:  7/28       EV: 14    Int: 28    God:    Kikubaaqudgha [******]
Gold:   978        SH:  6    Dex: 12    Spells: 7 memorised, 1 level left

rFire  . . .     SeeInvis .     a - +4 spear (pain)
rCold  + . .     Gourm    .     R - +4 leather armour of the Skies Above {rC+ Regen+ Str-5 Int+3}
rNeg   . . .     Faith    .     W - +1 buckler {reflect}
rPois  .         Spirit   .     z - +0 hat
rElec  .         Dismiss  .     m - +2 cloak
rCorr  .         Reflect  +     j - +0 pair of gloves
SustAt .         Harm     .     k - +2 pair of boots
MR     +....                    (no amulet)
Stlth  ++........               L - ring of wizardry {Wiz+, !d}
                                D - +4 ring of intelligence

@: death channel, regenerating, somewhat resistant to hostile enchantments,
unstealthy
A: icy blue scales 1, clumsy 1, sense surroundings 1, wild magic 1
a: Receive Corpses, Torment, Renounce Religion


You were on level 2 of the Orcish Mines.
You worshipped Kikubaaqudgha.
Kikubaaqudgha was exalted by your worship.
You were not hungry.

You visited 4 branches of the dungeon, and saw 21 of its levels.
You also visited: Labyrinth and Ice Cave.

You collected 1657 gold pieces.
You spent 679 gold pieces at shops.

Inventory:

Hand Weapons
 a - a +4 spear of pain (weapon)
   (You took it off a gnoll on level 3 of the Dungeon)
 b - a +0 blowgun
   (You took it off a kobold on level 3 of the Dungeon)
Missiles
 G - 10 curare-tipped needles
Armour
 j - a +0 pair of gloves (worn)
   (You found it on level 4 of the Dungeon)
 k - a +2 pair of boots (worn)
   (You found it on level 1 of the Dungeon)
 m - a +2 cloak (worn)
   (You found it on level 2 of the Dungeon)
 z - a +0 hat (worn)
   (You found it on level 4 of the Dungeon)
 R - the +4 leather armour of the Skies Above (worn) {rC+ Regen+ Str-5 Int+3}
   (You bought it in a shop on level 9 of the Dungeon)

   It affects your strength (-5).
   It affects your intelligence (+3).
   It protects you from cold.
   It increases your rate of regeneration.
 W - a +1 buckler of reflection (worn)
   (You bought it in a shop on level 9 of the Dungeon)
Magical Staves
 F - an uncursed staff of cold {rC+}
   (You found it on level 4 of the Lair of Beasts)
Jewellery
 e - an uncursed ring of see invisible {sInv, !d}
   (You found it on level 7 of the Lair of Beasts)
 g - an uncursed ring of sustain attributes
   (You found it in a labyrinth)
 p - an uncursed ring of positive energy {rN+}
   (You found it on level 4 of the Lair of Beasts)
 q - an uncursed ring of protection from fire {rF+, !d}
   (You found it on level 2 of the Dungeon)
 B - an uncursed ring of fire {rF+, rC-}
   (You found it on level 5 of the Lair of Beasts)
 D - a +4 ring of intelligence (left hand)
   (You found it on level 5 of the Dungeon)
 L - a ring of wizardry (right hand) {Wiz+, !d}
   (You found it on level 7 of the Dungeon)
 M - an uncursed ring of ice {rC+, rF-}
   (You found it on level 5 of the Lair of Beasts)
 P - an uncursed ring of protection from magic {MR+, !d}
   (You found it on level 8 of the Dungeon)
 Z - an uncursed ring of resist corrosion
   (You found it on level 1 of the Lair of Beasts)
Wands
 i - a wand of confusion (10/48)
   (You found it on level 8 of the Dungeon)
 w - a wand of iceblast (1/15)
   (You found it on level 4 of the Dungeon)
 A - a wand of disintegration (2/24)
   (You found it on level 1 of the Lair of Beasts)
 C - a wand of iceblast (0/15)
   (You took it off Pikel on level 5 of the Dungeon)
Scrolls
 d - 2 scrolls of fog
 r - 3 scrolls of amnesia
 t - 9 scrolls of remove curse
 E - 4 scrolls of magic mapping {!r}
 H - 3 scrolls of enchant armour
 Q - 2 scrolls of recharging
Potions
 f - 2 potions of brilliance
 h - a potion of cure mutation {!q}
 n - 5 potions of curing
 o - 2 potions of flight
 s - a potion of cancellation
 J - 6 potions of lignification {!q}
 U - 3 potions of ambrosia
Books
 u - a book of Clouds
   (You found it on level 3 of the Lair of Beasts)
 x - a Necronomicon
   (You found it on level 4 of the Lair of Beasts)
Miscellaneous
 y - a fan of gales
   (You found it in a labyrinth)
 K - a phial of floods (inert)
   (You found it on level 9 of the Dungeon)
Comestibles
 c - 14 bread rations {@e1}
 l - 2 chunks of flesh {@w0}
 v - 4 fruits
 I - 4 royal jellies


   Skills:
 - Level 8.4 Fighting
   Level 3.7 Maces & Flails
 - Level 4.1 Polearms
 - Level 8.4 Dodging
 - Level 2.0 Stealth
 - Level 4.7 Shields
 - Level 9.1 Spellcasting
 + Level 10.7 Conjurations
 - Level 5.8 Charms
 - Level 11.3 Necromancy
 - Level 7.6 Fire Magic
 * Level 5.2 Ice Magic
 * Level 4.6 Air Magic


You had one spell level left.
You knew the following spells:

 Your Spells              Type           Power        Failure   Level  Hunger
a - Freezing Cloud        Conj/Ice/Air   ######....   50%         6    #####..
b - Death Channel         Necr           #######...   7%          6    #####..
f - Fireball              Conj/Fire      ######....   4%          5    ####...
m - Sublimation of Blood  Necr           #######...   1%          2    None
r - Regeneration          Chrm/Necr      ######....   1%          3    None
s - Sticky Flame          Conj/Fire      ######..     1%          4    None
z - Iskenderun's Battles  Conj/Chrm      ######..     6%          5    ####...


Dungeon Overview and Level Annotations

Branches:
Dungeon (11/15)            Temple (1/1) D:7            Lair (7/8) D:8
  Swamp (0/4) Lair:3        Snake (0/4) Lair:4          Orc (2/2) D:11
    Elf (0/3) Orc:2
  Slime: Lair:6-8

Altars:
Ashenzari
Cheibriados
Dithmenos
Fedhas
Gozag
Kikubaaqudgha
Makhleb
Okawaru
Pakellas
Qazlal
Ru
Sif Muna
Trog
Vehumet
Yredelemnul
Zin

Shops:
D:4 ?   D:7 *   D:9 [   D:10 (   Orc:2 !%

Annotations:
D:2 Sigmund
D:6 Edmund


Innate Abilities, Weirdness & Mutations

You are partially covered in icy blue scales (AC +1).
You are clumsy. (Dex -2)
You passively map a small area around you.
Your spells are a little harder to cast, but a little more powerful.


Message History

Your spectral orc hits the orc.
You block the orc's attack.
Your spectral orc hits the warg.
The orc barely misses you.
Your spectral orc barely misses the warg.
You take 4 damage, and have 52/112 hp.
You barely miss the orc. The warg bites you but does no damage.
The orc completely misses you.
Your spectral orc hits the orc.
Your spectral orc hits the warg.
The orc misses you. The orc hits you but does no damage.
Your spectral orc hits the orc warrior but does no damage.
The orc hits your spectral orc with a short sword.
You closely miss the orc. The warg bites you!
The orc hits your spectral orc with a whip.
The orc warrior completely misses you.
The orc warrior hits your spectral orc with a hand axe.
The orc warrior hits your spectral orc but does no damage.
The orc knight shoots a bolt.
The bolt barely misses your spectral orc.
The bolt completely misses you.
The bolt hits the orc!!
The orc dies!
Your spectral orc barely misses the orc.
Your spectral orc completely misses the warg.
The warg bites you. The orc hits you but does no damage.
Your spectral orc hits the orc warrior.
The orc hits your spectral orc with a short sword!
You take 17 damage, and have 36/112 hp.
You hit the orc.
You kill the orc!
Kikubaaqudgha accepts your kill.
A glowing mist starts to gather...
The orc warrior closely misses you.
The orc warrior hits your spectral orc with a hand axe.
The orc warrior hits your spectral orc with a hand axe!
Your spectral orc is destroyed!
The orc warrior hits your spectral orc with a hand axe!
Your spectral orc hits the orc warrior but does no damage.
Your spectral orc hits the warg.
The warg bites you but does no damage.
The orc knight shoots a bolt.
The bolt hits your spectral orc!
Your spectral orc hits the orc warrior but does no damage.
The orc barely misses you.
The orc hits your spectral orc with a short sword.
Your spectral orc is destroyed!
The orc warrior hits you with a hand axe!
* * * LOW HITPOINT WARNING * * *
The orc warrior hits your spectral orc with a hand axe!
Your spectral orc is destroyed!
Your spectral orc hits the warg.
The orc misses you. The orc hits you but does no damage.
The orc shouts!
Things that are here:
a whip; 3 tomahawks; an orc corpse You take 12 damage, and have 25/112 hp.
Kikubaaqudgha torments the living!
Kikubaaqudgha partially shields you from torment!
Your body is wracked with pain!
* * * LOW HITPOINT WARNING * * *
The orc warrior convulses!
The orc knight convulses!
The orc convulses!
The warg convulses!
The orc convulses!
The warg bites you but does no damage. The orc barely misses you.
The orc knight roars a battlecry!
The orcs go into a battle-frenzy!
The orc warrior barely misses you.
Your spectral orc hits the warg but does no damage.
The orc misses you. x2
You take 4 damage, and have 21/112 hp.
You now have 13/28 mp.
Your skin crawls.
The warg bites your spectral orc!
Your spectral orc is destroyed!
The orc barely misses you. You block the warg's attack.
The orc closely misses you. x2
You regained 2 hp, and now have 23/112 hp.
You now have 10/28 mp.
Aim: an orc knight, wielding an arbalest and wearing a chain mail (heavily wounded)
The sticky flame hits the orc knight.
The orc knight is covered in liquid flames!
The orc knight burns!
You block the orc's attack. The warg bites you.
* * * LOW HITPOINT WARNING * * *
The orc completely misses you. You block the orc's attack.
You take 3 damage, and have 20/112 hp.
You now have 6/28 mp.
Drink which item? (? for menu, Esc to quit)
You feel better.
The orc knight burns!
The orc knight unwields an uncursed arbalest.
The orc knight wields an uncursed halberd.
The orc knight hits you with an uncursed halberd!
* * * LOW HITPOINT WARNING * * *
You block the orc's attack. The warg barely misses you.
The orc warrior closely misses you. The orc closely misses you.
The orc hits you but does no damage.
You take 6 damage, and have 14/112 hp.
The orc knight burns!
The orc hits you but does no damage.
The orc knight hits you but does no damage.
The warg closely misses you.
You regained 2 hp, and now have 16/112 hp.
The orc knight burns!
The orc hits you with a short sword.
* * * LOW HITPOINT WARNING * * *
The orc knight hits you from afar with an uncursed halberd!
* * * LOW HITPOINT WARNING * * *
The orc warrior barely misses you.
You take 12 damage, and have 4/112 hp.
The orc knight burns!
The orc knight stops burning.
The orc warrior hits you with a hand axe!
You die...
Kikubaaqudgha rasps: "You have failed me!
Welcome... death!"

#........####.#.......### *##....
..........###.#.........####.....
..........##.............#.......
.........##......................
...#...........[.................
...###............[.............#
...#*#...........)............#.#
...##............##...........###
)...##..........@###....[.....###
.).#..#........oo..............#.
...............oh[........)......
.......<....#..o)o............)).
............#....<()...........).
...........###.(([(....##..#.....
.........### ###.(...####........
##.#...### #......# ##.......
####.## ##([)### ###.#...


You could see an orc knight, a warg, an orc warrior and 3 orcs.

Vanquished Creatures
  Snorg (Lair:4)
  A minotaur (Lab)
  6 hydras
  Erolcha (D:9)
  Fannar (D:10)
  A catoblepas (Lair:4)
  A tengu warrior (D:9)
  The ghost of Weresquid the Martial Artist, a novice DsGl of Lugonu (D:10)
  Sonja (D:10)
  Nergalle (D:10)
  A hill giant (D:11)
  A lindwurm (Lair:2)
  Pikel (D:5)
  3 orc knights (Orc:2)
  An orc sorcerer (Orc:2)
  A griffon (Lair:6)
  A deep elf mage (D:9)
  2 cyclopes
  Maurice (D:8)
  An elephant (Lair:5)
  Psyche (D:9)
  A gargoyle (D:11)
  5 rime drakes
  14 spiny frogs
  7 komodo dragons
  A polar bear (Lair:5)
  A queen bee (Lair:1)
  Prince Ribbit (D:5)
  21 blink frogs
  A troll (D:11)
  4 two-headed ogres
  A spriggan (D:9)
  9 yaks
  7 hippogriffs
  3 ice beasts
  A basilisk (Lair:3)
  Eustachio (D:6)
  A hungry ghost (D:9)
  7 vampire mosquitoes (Lair:3)
  9 wargs
  Duvessa (D:5)
  5 porcupines
  8 water moccasins
  2 sky beasts
  2 eyes of draining (D:4)
  26 orc warriors
  3 black bears
  A necrophage (D:10)
  4 wolves
  2 phantoms
  9 ogres
  6 centaurs
  11 crocodiles
  3 big kobolds
  17 giant frogs
  Dowan (D:5)
  4 scorpions
  A wyvern skeleton (D:7)
  31 killer bees
  14 wights
  7 howler monkeys
  A centaur zombie (D:7)
  A crimson imp (D:9)
  A giant frog zombie (D:5)
  A quasit (D:10)
  2 hounds
  A gnoll shaman (D:9)
  19 orc wizards
  9 orc priests
  2 jellies
  A giant frog skeleton (D:10)
  3 iguanas
  10 worker ants
  4 sheep (Lair:7)
  3 hound skeletons
  A worker ant zombie (D:7)
  8 gnolls
  14 adders
  55 river rats
  2 shadow imps
  An adder skeleton (D:8)
  A worm (D:2)
  5 dart slugs
  5 giant geckos
  79 orcs
  7 bats
  7 giant cockroaches
  3 goblins
  9 hobgoblins
  7 jackals
  21 kobolds
  5 quokkas
  2 ball pythons
  2 giant gecko skeletons (D:5)
  5 giant newts
  23 rats
  A bush (Lair:1)
603 creatures vanquished.

Vanquished Creatures (collateral kills)
  2 hydras
  A hill giant (D:11)
  3 griffons
  An oklob plant (Lair:7)
  3 elephants (Lair:7)
  A cyclops (D:11)
  6 spiny frogs
  2 komodo dragons (Lair:7)
  8 blink frogs
  A slime creature (Lair:6)
  3 boulder beetles (Lair:7)
  13 yaks
  A hippogriff (Lair:5)
  2 water moccasins (Lair:7)
  4 orc warriors (Orc:2)
  2 ogres
  13 wolves
  2 crocodiles (Lair:7)
  3 giant frogs
  A water moccasin skeleton (D:10)
  2 wights (D:11)
  A quasit (D:10)
  13 jellies (Lair:6)
  5 orc wizards
  An iguana (D:11)
  13 sheep (Lair:7)
  10 river rats
  8 oozes (Lair:6)
  19 orcs
  5 fungi
  A plant (Lair:7)
150 creatures vanquished.

Vanquished Creatures (others)
  A slave (D:5)
  A centaur (D:10)
  An orc wizard (D:8)
  A worker ant (D:5)
  An orc (Orc:2)
  15 fungi
  7 plants
27 creatures vanquished.

Grand Total: 780 creatures vanquished

Notes
Turn   | Place    | Note
--------------------------------------------------------------
     0 | D:1      | Chemotherapy the Human Fire Elementalist began the quest for the Orb.
     0 | D:1      | Reached XP level 1. HP: 13/13 MP: 3/3
   263 | D:1      | Reached XP level 2. HP: 19/19 MP: 3/5
   672 | D:1      | Reached XP level 3. HP: 24/24 MP: 0/6
   839 | D:1      | Learned a level 3 spell: Conjure Flame
  1121 | D:1      | Reached skill level 2 in Conjurations
  1373 | D:2      | Found a basalt altar of Yredelemnul.
  1373 | D:2      | Found a blossoming altar of Fedhas.
  1400 | D:2      | Reached XP level 4. HP: 15/30 MP: 1/7
  1402 | D:2      | HP: 7/30 [hobgoblin/club (4)]
  1732 | D:2      | Learned a level 4 spell: Sticky Flame
  2343 | D:2      | Found a shadowy altar of Dithmenos.
  2628 | D:2      | Noticed Sigmund
  2866 | D:3      | Reached skill level 1 in Maces & Flails
  2871 | D:3      | Reached XP level 5. HP: 35/35 MP: 2/8
  2890 | D:2      | Reached skill level 4 in Fire Magic
  3295 | D:3      | Reached skill level 3 in Conjurations
  3640 | D:4      | Reached skill level 3 in Spellcasting
  3640 | D:4      | Reached XP level 6. HP: 42/42 MP: 1/10
  3737 | D:4      | Found Baanat's Magic Scroll Shoppe.
  3754 | D:4      | Bought a scroll of blinking for 82 gold pieces
  3754 | D:4      | Bought a scroll of identify for 22 gold pieces
  3754 | D:4      | Bought a scroll of identify for 22 gold pieces
  3776 | D:4      | Reached skill level 1 in Polearms
  3981 | D:4      | Reached skill level 1 in Fighting
  4596 | D:4      | Noticed an eye of draining
  4749 | D:4      | Killed an eye of draining
  4749 | D:4      | Reached XP level 7. HP: 49/49 MP: 0/12
  4881 | D:4      | Found a bloodstained altar of Trog.
  5044 | D:5      | Entered Level 5 of the Dungeon
  5044 | D:5      | Found an iron altar of Okawaru.
  5064 | D:5      | Noticed Duvessa
  5085 | D:5      | Killed Duvessa
  5085 | D:5      | Reached skill level 2 in Fighting
  5085 | D:5      | Reached skill level 4 in Conjurations
  5188 | D:5      | Noticed Dowan
  5195 | D:5      | Killed Dowan
  5195 | D:5      | Reached skill level 5 in Fire Magic
  5219 | D:5      | Learned a level 5 spell: Fireball
  5248 | D:5      | Reached XP level 8. HP: 56/56 MP: 5/13
  5344 | D:5      | Noticed Pikel
  5376 | D:5      | Killed Pikel
  5376 | D:5      | Reached skill level 2 in Polearms
  5376 | D:5      | Reached skill level 3 in Dodging
  5376 | D:5      | Reached skill level 4 in Spellcasting
  5376 | D:5      | Reached skill level 5 in Conjurations
  5459 | D:5      | Noticed Prince Ribbit
  5471 | D:5      | Killed Prince Ribbit
  5471 | D:5      | Reached skill level 3 in Fighting
  5471 | D:5      | Reached skill level 6 in Fire Magic
  5733 | D:5      | Found a sacrificial altar of Ru.
  5784 | D:5      | Reached XP level 9. HP: 55/64 MP: 7/15
  6410 | D:6      | Found a glowing silver altar of Zin.
  6411 | D:6      | Found an oddly glowing altar of Pakellas.
  6527 | D:6      | Reached skill level 4 in Dodging
  6728 | D:6      | Noticed Eustachio
  6744 | D:6      | Killed Eustachio
  6852 | D:6      | Reached skill level 2 in Maces & Flails
  6852 | D:6      | Reached skill level 6 in Conjurations
  7031 | D:6      | Reached skill level 4 in Fighting
  7357 | D:6      | Noticed Edmund
  7484 | D:7      | Found an opulent altar of Gozag.
  7509 | D:7      | Reached skill level 7 in Fire Magic
  7511 | D:7      | HP: 12/65 [iguana (11)]
  7516 | D:7      | beebs: did you win the other round?
  7518 | D:7      | HP: 11/65 [poisoned by a wight]
  7526 | D:7      | HP: 10/65 [poisoned by a wight]
  7531 | D:7      | HP: 6/65 [iguana (5)]
  7544 | D:7      | Chemotherapy: He ended up dying :( Hunfridmar the one we were observing... I won my mifi though
  7864 | D:7      | beebs: that was quick
  7866 | D:7      | beebs: how many runes?
  7867 | D:7      | Chemotherapy: I just did three I should've done 15 with the gear, but I have one 15 this tournament and it can be such a slog
  7871 | D:7      | Reached XP level 10. HP: 61/72 MP: 10/17
  7880 | D:7      | beebs: is this version 18?
  7883 | D:7      | Chemotherapy: yes
  8010 | D:7      | Found a staircase to the Ecumenical Temple.
  8019 | Temple   | Entered the Ecumenical Temple
  8027 | Temple   | Became a worshipper of Kikubaaqudgha
  8072 | D:7      | beebs: ive only won once, version 14 (on my other account though). but did not get the Hell runes.
  8078 | D:7      | Chemotherapy: my favorite way to do the 15 is either as a ghoul or a caster with necromutation/level 9 spells... as melee you just have to be so careful
  8078 | D:7      | Chemotherapy: especially hell
  8078 | D:7      | Chemotherapy: can't rest
  8130 | D:7      | Found Gozag's Platinum Reserve.
  8162 | D:7      | beebs: ive only ever played DE
  8226 | D:7      | beebs: i won DEFE with Vehumet. now im DEWz with Kiku and im hoping she will help with Hell
  8226 | D:7      | Chemotherapy: yeah that makes sense... I miss the amount of magic you get back with vehumet
  8366 | D:7      | Reached skill level 5 in Spellcasting
  8370 | D:7      | Reached skill level 5 in Dodging
  8382 | D:7      | beebs: yeah but you can eventually crystal ball for HP and sublimate. or if you have the regen/gourmand combo
  8385 | D:7      | Chemotherapy: yeah that's true
  8385 | D:7      | Chemotherapy: it's just nice when you cast fire storm and get all the magic back
  8385 | D:7      | beebs: haha
  8385 | D:7      | Chemotherapy: especially for ziggurats
  8417 | D:7      | Reached skill level 3 in Maces & Flails
  8421 | D:7      | Reached skill level 7 in Conjurations
  8444 | D:7      | beebs: im trying to win without fire/vehumet since i already did it
  8444 | D:7      | Chemotherapy: yeah that makes sense
  8444 | D:7      | beebs: trying for shatter/haunt
  8444 | D:7      | Chemotherapy: ah ok I haven't used haunt much... I really like death channel for summons
  8444 | D:7      | beebs: lich form as well
  8546 | D:7      | Chemotherapy: yeah I love necromutation
  8552 | D:7      | Learned a level 5 spell: Iskenderun's Battlesphere
  8669 | D:7      | beebs: how do you get multiple level 9 mega-fucker spells
  8669 | D:7      | Chemotherapy: you have to forget a lot of lower level ones
  8669 | D:7      | beebs: i mean how to you get them cast-able
  8669 | D:7      | beebs: ive only ever had one
  8669 | D:7      | Chemotherapy: it's pretty easy to get glaciate and firestorm together because they both use conjuration
  8698 | D:7      | Chemotherapy: and wizardry items help
  8699 | D:7      | beebs: i want shatter and tornado
  8699 | D:7      | beebs: but they are still 100% fail
  8699 | D:7      | Chemotherapy: yeah and you have to train a whooole bunch of air and earth for that
  8703 | D:7      | beebs: yeah
  8703 | D:7      | beebs: i just want everything ;/
  8703 | D:7      | Chemotherapy: I would definitely pick one and just put all your skill points into that until you get it
  8703 | D:7      | Chemotherapy: and then worry about the other
  8703 | D:7      | Chemotherapy: that's the thing about crawl... gotta pick and choose until you get to the very end maybe
  8703 | D:7      | beebs: im worried there just isnt enough XP in the game to get both lol
  8766 | D:7      | Reached skill level 1 in Charms
  8769 | D:7      | Chemotherapy: well if you stick around a lot in pan or do zigs there is
  8769 | D:7      | beebs: so scary
  8769 | D:7      | Chemotherapy: I saw a guy once with 27 in all his skills
  8769 | D:7      | Chemotherapy: he was doing zig after zig
  8769 | D:7      | Chemotherapy: yeah
  8769 | D:7      | beebs: oh true
  8769 | D:7      | beebs: zig is infinite
  8769 | D:7      | Chemotherapy: have you tried Gargoyle casters at all
  8787 | D:7      | beebs: i forgot, havent been there in a while
  8794 | D:7      | beebs: noooo
  8824 | D:7      | Chemotherapy: they are nice... get a ton of good resist (poison and elec) and by the end of the game 20 free ac
  8827 | D:7      | beebs: im such a noob. i play on my bfs acount until i get scared and he takes over and i spec from this account haha
  8832 | D:7      | Found a deep blue altar of Sif Muna.
  9002 | D:7      | beebs: i like to watch other people and get tips and tricks.
  9002 | D:7      | Chemotherapy: it's fun to have people to watch and people watching... I play with a couple of real life friends and sometimes we will get together and play and watch eachother
  9020 | D:7      | Reached * piety under Kikubaaqudgha
  9020 | D:7      | Received a gift from Kikubaaqudgha
  9020 | D:7      | Reached skill level 5 in Fighting
  9021 | D:7      | Identified Kikubaaqudgha's Collected Works on Stolen Souls (Kikubaaqudgha gifted it to you on level 7 of the Dungeon)
  9022 | D:7      | beebs: i like being the strategist
  9022 | D:7      | beebs: but not the controls
  9344 | D:8      | Chemotherapy: are you guys playing on a team for the tournement?
  9403 | D:8      | beebs: nooo
  9404 | D:8      | Reached skill level 2 in Charms
  9406 | D:8      | beebs: we started on version 17
  9406 | D:8      | Chemotherapy: ah ok
  9406 | D:8      | beebs: i didnt know about the tourny til after
  9406 | D:8      | Chemotherapy: that makes sense... well next one you should definitely do... they're really fun
  9406 | D:8      | beebs: and were doing well so i dont wana stop now
  9406 | D:8      | Chemotherapy: the banners and things are fun even if you don't win
  9497 | D:8      | Reached skill level 3 in Polearms
  9497 | D:8      | Reached skill level 1 in Necromancy
  9577 | D:8      | beebs: yeah ill keep that in mind
  9801 | D:8      | Chemotherapy: I totally killed an amazing character the other day trying to do one of the banner challenges
  9962 | D:8      | beebs: if you ever want to spec bajaj10 its either me or my bf playing. its always good to get tips from other veteran players ahah
  9963 | D:8      | Chemotherapy: cool will do sometime for sure
  9964 | D:8      | Noticed Maurice
  9964 | D:8      | beebs: i dont even know what the tournament is
  9989 | D:8      | Chemotherapy: there's an overview page http://dobrazupa.org/tournament/0.18/overview.html
  9989 | D:8      | Chemotherapy: with all the scoring and stuff
  9989 | D:8      | beebs: oh amazing thanks
  9989 | D:8      | Chemotherapy: basically you just set up a team and then try to win as many different ways in2 weeks
  9989 | D:8      | Chemotherapy: everyone gets a scoring page
  9989 | D:8      | Chemotherapy: it's neat
  9989 | D:8      | Chemotherapy: they do one for every version
  9989 | D:8      | Chemotherapy: so the next one will be 19 hopefully in about 6 or 8 months
 10004 | D:8      | Found a staircase to the Lair.
 10010 | D:8      | Killed Maurice
 10015 | D:8      | beebs: seems time consuming
 10015 | D:8      | Chemotherapy: if you play a lot... there's plenty of people who only play a bit
 10015 | D:8      | Chemotherapy: I have a lot of free time at the moment so i play a lot
 10153 | D:8      | Chemotherapy: when I had work it was harder to get as many games in in the tournaments
 10325 | D:8      | Reached skill level 4 in Polearms
 10325 | D:8      | Reached skill level 8 in Conjurations
 10325 | D:8      | Reached XP level 11. HP: 80/80 MP: 2/18
 10602 | D:8      | beebs: for sure
 10711 | D:8      | beebs: have you killed Mara?
 10764 | D:8      | Learned a level 2 spell: Sublimation of Blood
 10766 | D:8      | Chemotherapy: yeah most character I just run away though
 10766 | D:8      | Chemotherapy: he is scary
 10766 | D:8      | Chemotherapy: or she whichever
 10766 | D:8      | Chemotherapy: silence helps if you can cast or scroll it right way
 10766 | D:8      | beebs: ive never killed him. but it makes me want to even more.
 10816 | D:8      | beebs: but im a wiz
 10857 | D:8      | Chemotherapy: yeah that's tougher... 9th level spells or orbs of destruction or iron shots
 10857 | D:8      | Chemotherapy: but you gotta do it fast
 10911 | Lair:1   | Entered Level 1 of the Lair of Beasts
 10919 | Lair:1   | beebs: i have iron shot
 10922 | Lair:1   | beebs: maybe when i get shatter
 10922 | Lair:1   | beebs: also, why is your HP green? if that a ver18 thing
 10922 | Lair:1   | Chemotherapy: sorry my internet died
 11012 | Lair:1   | Reached skill level 2 in Necromancy
 11111 | Lair:1   | Reached skill level 3 in Charms
 11142 | Lair:1   | Chemotherapy: sorry my game keeps kicking me
 11142 | Lair:1   | Chemotherapy: maybe internet issues or something
 11505 | Lair:1   | beebs: it happens
 11523 | Lair:1   | Chemotherapy: yeah most of the servers aren't designed for the number of people who play during tournament
 11539 | Lair:1   | Reached skill level 6 in Dodging
 11551 | Lair:1   | beebs: whats your favorite build
 11562 | Lair:1   | Reached skill level 6 in Spellcasting
 11573 | Lair:1   | Chemotherapy: I really like doing Ghouls with unarmed and worhsiping qazlal or ru or someone... I also like defe... Vinestalkers are really fun too
 11738 | D:9      | beebs: hm how interesting
 11772 | D:9      | Chemotherapy: ghouls are really fun if you haven't played one... you can eat anything for health
 11772 | D:9      | beebs: i tried draconian once because I wanted a cool color but i got a shit color and then died
 11772 | D:9      | Chemotherapy: and are immune to a lot of bad stuff
 11888 | D:9      | Reached ** piety under Kikubaaqudgha
 11907 | D:9      | Found Pampi's Antique Armour Boutique.
 11909 | D:9      | Chemotherapy: yeah nothing worse than getting a color that is really bad for your build
 11916 | D:9      | Bought a crude leather armour for 189 gold pieces
 11926 | D:9      | Identified the +4 leather armour of the Skies Above {rC+ Regen+ Str-5 Int+3} (You bought it in a shop on level 9 of the Dungeon)
 11998 | D:9      | beebs: or a game that was made for a fighter when you are a wizard
 12000 | D:9      | Chemotherapy: hah that is true sometimes it feels like the game does that on purpose
 12065 | D:9      | Noticed Erolcha
 12066 | D:9      | beebs: i get salty about that stuff
 12105 | D:9      | Noticed Psyche
 12106 | D:9      | beebs: is ver18 good?
 12121 | D:9      | Killed Psyche
 12122 | D:9      | Chemotherapy: yeah I would say that they almost always improve a lot of stuff with every version
 12122 | D:9      | beebs: i was mad when i tried playing 17 this time around and found taht posison resist cant eat posion corpse
 12122 | D:9      | Chemotherapy: it's pretty rare that anything gets worse... sometimes a little harder maybe
 12122 | D:9      | Chemotherapy: haha
 12122 | D:9      | Chemotherapy: yeah
 12122 | D:9      | Chemotherapy: that would be one of those little things that aren't as cool
 12171 | D:9      | Chemotherapy: hmm this was not my plan
 12174 | D:9      | Noticed a tengu warrior
 12175 | D:9      | Noticed a cyclops
 12196 | D:9      | Noticed a deep elf mage
 12211 | D:9      | beebs: ruh roh
 12212 | D:9      | Chemotherapy: haha yeah
 12212 | D:9      | Chemotherapy: this floor started out so good
 12220 | D:9      | beebs: i usually have trouble around floor 4
 12220 | D:9      | Killed a cyclops
 12221 | D:9      | beebs: :/
 12232 | D:9      | Killed a tengu warrior
 12232 | D:9      | Reached skill level 6 in Fighting
 12232 | D:9      | Reached skill level 3 in Necromancy
 12338 | D:9      | beebs: for some reason that floor always has uniques
 12351 | D:9      | Chemotherapy: yeah i feel like a lot of this game is learning when to run away
 12351 | D:9      | Chemotherapy: and usually you learn that the hard way by trying to escape too late
 12351 | D:9      | Chemotherapy: with some things it's best to just see them and "nope" away
 12381 | D:9      | beebs: i died on D2 the other day because i read a scroll of noise and got trapped in a 1-lane between crazy Yuif and Sigmud.
 12382 | D:9      | Chemotherapy: ow
 12457 | D:9      | Chemotherapy: hmm how much do I want the loot in there
 12471 | D:9      | beebs: my favorite part of the game is when you only have like 4-5 unidentified scrolls/potions left and trying to guess which one its gonna be
 12471 | D:9      | Chemotherapy: hehe yeah
 12485 | D:9      | Reached skill level 4 in Charms
 12716 | D:9      | beebs: thanks for giving me tips. i always expect people to be mean on here
 12754 | D:9      | Learned a level 3 spell: Regeneration
 12754 | D:9      | Chemotherapy: no problem... most people I've met are nice but I mainly just observe people I know in real life
 12808 | D:9      | Killed Erolcha
 12808 | D:9      | Reached skill level 7 in Spellcasting
 12868 | D:9      | beebs: who knows
 12868 | D:9      | Reached XP level 12. HP: 76/89 MP: 13/22
 12943 | D:9      | beebs: probably just because I ask noob questions
 12982 | D:9      | Chemotherapy: yeah some people are dumb about that or forgot that they ever were new
 13109 | Lair:1   | Reached skill level 9 in Conjurations
 13142 | Lair:1   | beebs: yeah ive never played a video game before really
 13301 | Lair:1   | Chemotherapy: I feel like most of the online ones have a lot of people like that... but friendly ones too
 13305 | Lair:1   | beebs: so i like the turn based concept here
 13320 | Lair:1   | Reached skill level 4 in Necromancy
 13322 | Lair:1   | beebs: i need time to think
 13333 | Lair:1   | Chemotherapy: yeah it's one of the best parts of the game
 13333 | Lair:1   | Chemotherapy: stopping and looking at everything you have
 13333 | Lair:1   | beebs: royal jelly city central
 13333 | Lair:1   | Chemotherapy: and when you find a tricky escape
 13333 | Lair:1   | Chemotherapy: yeah lots of bees but lots of food
 13518 | Lair:1   | beebs: how bad of an idea is it to do slime without rCorr
 13522 | Lair:1   | Chemotherapy: it works ok if you have firestorm or glaciate... otherwise really really really really really bad
 13530 | Lair:1   | Reached *** piety under Kikubaaqudgha
 13530 | Lair:1   | Received a gift from Kikubaaqudgha
 13582 | Lair:1   | Identified Kikubaaqudgha's Tome of Stolen Souls (Kikubaaqudgha gifted it to you on level 1 of the Lair of Beasts)
 13583 | Lair:1   | beebs: i have iron shot and fireball and freezing cloud and spellforge.
 13583 | Lair:1   | Chemotherapy: yeah I wouldn't do slime yet then
 13607 | Lair:1   | beebs: rF++ rC++ MR+++ and rMut
 13607 | Lair:1   | Chemotherapy: freezing cloud is really good in elf
 13607 | Lair:1   | beebs: done elf
 13607 | Lair:1   | Chemotherapy: and vaults 1-4?
 13694 | Lair:1   | beebs: did elf, orc, lair, dungeon, vaults1-4, spider and shoals
 13694 | Lair:1   | Chemotherapy: I would probably do depths before slime
 13694 | Lair:1   | beebs: ok
 13765 | D:9      | beebs: i want glaciate but i havent found it yet
 13775 | D:9      | Bought a shiny buckler for 121 gold pieces
 13780 | D:9      | Chemotherapy: yeah I hate that
 13931 | D:9      | Chemotherapy: glaciate is a bit more common than firestorm at least
 13947 | D:8      | beebs: yeah
 14061 | Lair:1   | beebs: im at the point where i need a level9 to do the next part of the game, but i cant get the level9 spells without doing them first. catch-22
 14085 | Lair:1   | Reached skill level 7 in Dodging
 14146 | Lair:1   | Chemotherapy: yeah that's the thing with casters that is difficult
 14146 | Lair:1   | Chemotherapy: vehumet helps since you get a couple for sure
 14146 | Lair:1   | Chemotherapy: but servitor can carry you a fair ways further especially if you don't know low level spells and can hsate it
 14220 | Lair:1   | Reached skill level 1 in Shields
 14238 | Lair:1   | Reached skill level 7 in Fighting
 14359 | Lair:1   | Got a distressingly furry ring mail
 14370 | Lair:1   | Identified the cursed +1 ring mail of the Fiend {*Confuse +Inv Str+3 Int+2} (You found it on level 1 of the Lair of Beasts)
 14525 | Lair:1   | Reached skill level 2 in Shields
 14784 | Lair:2   | Chemotherapy: they added rcorrosion as a ring in 18 which is really nice for slime
 14899 | Lair:2   | Found a dark tunnel.
 15366 | Lair:2   | Reached **** piety under Kikubaaqudgha
 15517 | Lair:2   | Noticed a seven-headed hydra
 15528 | Lair:2   | Killed a seven-headed hydra
 15528 | Lair:2   | Reached skill level 3 in Shields
 15528 | Lair:2   | Reached skill level 5 in Charms
 15528 | Lair:2   | Reached skill level 5 in Necromancy
 15670 | Lair:2   | Reached skill level 8 in Spellcasting
 16184 | Lair:3   | Found a labyrinth entrance.
 16193 | Lab      | Entered a labyrinth
 16244 | Lab      | beebs: sorry i had to talk to my boss
 16295 | Lab      | Chemotherapy: np
 16508 | Lab      | beebs: come watch bajaj10! im gonna go over there. maybe you can give us some tips
 16510 | Lab      | Chemotherapy: sure
 16542 | Lab      | Noticed a minotaur
 16556 | Lab      | Killed a minotaur
 16627 | Lair:3   | Reached skill level 4 in Shields
 16627 | Lair:3   | Reached XP level 13. HP: 79/96 MP: 12/25
 17189 | Lair:3   | Noticed a five-headed hydra
 17193 | Lair:3   | Killed a five-headed hydra
 17513 | Lair:3   | Found a staircase to the Swamp.
 17571 | Lair:3   | Reached skill level 8 in Fighting
 17622 | Lair:3   | Learned a level 6 spell: Death Channel
 17767 | Lair:3   | Reached skill level 6 in Necromancy
 18071 | Lair:4   | Found a staircase to the Snake Pit.
 18112 | Lair:4   | Noticed Snorg
 18122 | Lair:4   | Noticed a seven-headed hydra
 18122 | Lair:4   | Killed Snorg
 18122 | Lair:4   | Reached skill level 7 in Necromancy
 18374 | Lair:4   | Killed a seven-headed hydra
 18430 | Lair:4   | Gained mutation: You passively map a small area around you. [potion of beneficial mutation]
 18523 | Lair:4   | HP: 22/98 [poisoned by a spiny frog]
 18620 | Lair:4   | Reached skill level 8 in Necromancy
 18641 | Lair:4   | Noticed a catoblepas
 18655 | Lair:4   | Killed a catoblepas
 19350 | Lair:5   | Reached ***** piety under Kikubaaqudgha
 19424 | Lair:5   | Noticed an eight-headed hydra
 19435 | Lair:5   | Killed an eight-headed hydra
 19435 | Lair:5   | Reached skill level 9 in Necromancy
 19985 | Lair:5   | Reached skill level 10 in Necromancy
 19994 | Lair:5   | Reached XP level 14. HP: 70/105 MP: 4/26
 20114 | Lair:5   | Found an oddly glowing altar of Pakellas.
 21037 | Lair:6   | Reached skill level 8 in Dodging
 21869 | Lair:7   | Reached skill level 10 in Conjurations
 21869 | Lair:7   | Reached skill level 11 in Necromancy
 21898 | Lair:7   | Reached ****** piety under Kikubaaqudgha
 21932 | Lair:7   | Found a frozen archway.
 21956 | IceCv    | Entered an ice cave
 22000 | IceCv    | Noticed MoronicCinamun's ghost (journeyman DsMo)
 22001 | IceCv    | Noticed superterranean's ghost (journeyman DECj)
 22124 | Lair:7   | Reached skill level 9 in Spellcasting
 22359 | Lair:7   | HP: 19/106 [elephant[the power of Zot] (17)]
 22991 | Lair:4   | Learned a level 6 spell: Freezing Cloud
 23065 | Lair:1   | Identified a +4 spear of pain (a +2 spear of piercing bloodied by Kikubaaqudgha)
 23065 | Lair:1   | Received a gift from Kikubaaqudgha
 23448 | D:10     | Entered Level 10 of the Dungeon
 23449 | D:10     | Noticed Sonja
 23457 | D:10     | Killed Sonja
 23457 | D:10     | Reached skill level 1 in Ice Magic
 23457 | D:10     | Reached skill level 1 in Air Magic
 23545 | D:10     | Noticed Weresquid's ghost (novice DsGl)
 23563 | D:10     | Killed Weresquid's ghost
 23692 | D:10     | Reached skill level 2 in Ice Magic
 23699 | D:10     | Gained mutation: You are partially covered in icy blue scales (AC +1). [potion of mutation]
 23699 | D:10     | Gained mutation: You are clumsy. (Dex -2) [potion of mutation]
 23700 | D:10     | Gained mutation: Your spells are a little harder to cast, but a little more powerful. [mutagenic meat]
 23770 | D:10     | Noticed Fannar
 23772 | D:10     | Killed Fannar
 23784 | D:10     | Reached skill level 2 in Air Magic
 23932 | D:10     | Found Ewnukeqy's Antique Weapon Shop.
 23940 | D:10     | Bought an ichor-stained rapier for 243 gold pieces
 23940 | D:10     | Identified the +5 rapier "Foxeg" {drain, rF+ Str+2} (You bought it in a shop on level 10 of the Dungeon)
 24595 | D:10     | Found a sacrificial altar of Ru.
 24676 | D:10     | Noticed Nergalle
 24688 | D:10     | Killed Nergalle
 24688 | D:10     | Reached skill level 3 in Ice Magic
 25095 | D:11     | Reached skill level 3 in Air Magic
 25458 | D:11     | Found a staircase to the Orcish Mines.
 25538 | Orc:1    | Entered Level 1 of the Orcish Mines
 25725 | Orc:2    | Entered Level 2 of the Orcish Mines
 25733 | Orc:2    | Reached skill level 4 in Ice Magic
 25771 | Orc:2    | Found a staircase to the Elven Halls.
 25934 | Orc:2    | Reached skill level 4 in Air Magic
 25934 | Orc:2    | Reached XP level 15. HP: 101/112 MP: 8/28
 25957 | Orc:2    | HP: 26/112 [orc warrior/war axe (5)]
 25964 | Orc:1    | HP: 19/112 [orc wizard/puff of flame (3)]
 26251 | Orc:2    | Reached skill level 5 in Ice Magic
 26255 | Orc:2    | Found Daock's Distillery.
 26255 | Orc:2    | Found Acyczyil's Food Shop.
 26506 | Orc:2    | HP: 25/112 [orc warrior/hand axe (12)]
 26512 | Orc:2    | HP: 14/112 [orc/short sword (4)]
 26512 | Orc:2    | HP: 4/112 [orc knight/uncursed halberd (10)]
 26513 | Orc:2    | Mangled by an orc warrior

Skill      XL: |  1  2  3  4  5  6  7  8  9 10 11 12 13 14 15 |
---------------+----------------------------------------------+-----
Conjurations   | 2 3 4 5 6 8 9 10 | 10.7
Maces & Flails | 1 2 3 |  3.7
Fire Magic     | 4 5 6 7 |  7.6
Spellcasting   | 3 4 5 7 8 9 |  9.1
Polearms       | 1 2 4 |  4.1
Fighting       | 1 2 3 4 5 6 7 8 |  8.4
Dodging        | 3 4 5 6 7 8 |  8.4
Charms         | 2 4 5 |  5.8
Necromancy     | 1 3 5 10 11 | 11.3
Shields        | 4 |  4.7
Ice Magic      | 4 5 |  5.2
Air Magic      | 4 |  4.6
Stealth        | |  2.0

Action                   |  1- 3 |  4- 6 |  7- 9 | 10-12 | 13-15 || total
-------------------------+-------+-------+-------+-------+-------++-------
Melee: Unarmed           |    23 |       |       |       |       ||    23
       Club              |    30 |    71 |       |       |       ||   101
       Short sword       |    17 |       |       |       |       ||    17
       Spear             |       |    39 |    81 |   510 |   547 ||  1177
       Whip              |       |       |    79 |   159 |       ||   238
 Fire: Blowgun           |       |     6 |       |       |       ||     6
 Cast: Flame Tongue      |    41 |   120 |    61 |    43 |     8 ||   273
       Conjure Flame     |     1 |       |     5 |     4 |       ||    10
       Sticky Flame      |       |       |    15 |   107 |   152 ||   274
       Fireball          |       |       |     2 |    70 |   127 ||   199
       Sublimation of Bl |       |       |       |    25 |    96 ||   121
       Regeneration      |       |       |       |     3 |    41 ||    44
       Iskenderun's Batt |       |       |       |     2 |       ||     2
       Death Channel     |       |       |       |       |    39 ||    39
Invok: Brand Weapon With |       |       |       |       |     1 ||     1
       Torment           |       |       |       |       |     1 ||     1
Evoke: Wand              |       |     1 |     9 |    12 |    10 ||    32
       Phial of floods   |       |       |       |     2 |     2 ||     4
       Fan of gales      |       |       |       |       |     2 ||     2
  Use: Scroll            |     1 |    13 |     2 |    16 |    14 ||    46
       Potion            |       |     2 |     2 |     2 |     8 ||    14
 Stab: Sleeping          |       |     1 |       |     3 |     2 ||     6
       Invisible         |       |       |     1 |       |       ||     1
       Confused          |       |       |       |     3 |       ||     3
       Distracted        |       |       |       |     1 |     8 ||     9
  Eat: Chunk             |     2 |     7 |     5 |    23 |    42 ||    79
       Bread ration      |       |     1 |       |     1 |       ||     2
       Meat ration       |       |       |     1 |     4 |     2 ||     7
       Fruit             |       |       |     2 |     7 |     1 ||    10
       Pizza             |       |       |     1 |     1 |       ||     2
       Beef jerky        |       |       |     1 |     1 |       ||     2
       Royal jelly       |       |       |       |     1 |    11 ||    12
Armor: Robe              |    15 |       |     4 |   144 |       ||   163
       Leather armour    |    10 |    84 |    41 |   113 |   196 ||   444
       Skin              |       |       |       |       |     2 ||     2
Dodge: Dodged            |    75 |   151 |    77 |   498 |   468 ||  1269
Block: Buckler           |       |       |       |    27 |   238 ||   265
       Reflection        |       |       |       |       |    10 ||    10

Vault maps used:
D:1:      erik_arrival_orb_chamber
D:2:      grunt_dithmenos_smoke, lemuel_crystal_altar, fedhas_altar_2,
          uniq_sigmund
D:3:      first_bread
D:4:      serial_shops, nicolae_shop_window_shopping, hangedman_decor_growths,
          roderic_roman_lattice, hex_medium, trog_eyes_of_draining
D:5:      kennysheep_little_box, okawaru_metal_pillars_1_2, uniq_pikel,
          uniq_duvessa, uniq_prince_ribbit1
D:6:      gammafunk_temple_overflow_statue, uniq_eustachio, uniq_edmund
D:7:      kennysheep_orc_sif_temple, nicolae_gozag_zags_fifth_avenue
D:8:      lair_0_dummy, uniq_maurice
D:9:      serial_shops, nicolae_shop_competitors_out_of_business, the_bakery,
          kennysheep_another_room, minmay_diamond_spiral, uniq_psyche,
          uniq_erolcha
D:10:     serial_shops, shop, nicolae_ru_awakened_eye, uniq_nergalle,
          uniq_fannar, uniq_sonja
D:11:     hiddenorc2_lemuel, minmay_evil_grid
Temple:   circular_temple_12
Lair:1:   lemuel_fruit_fields
Lair:2:   nicolae_volcano_entry_vermiform, lemuel_fruit_fields
Lair:3:   minmay_swamp_entry_swarm, special_room, lab_entry_generic,
          patterned_corridor, grunt_megastairs_3
Lair:4:   dummy_snake_entry, uniq_snorg
Lair:5:   basic_altar, beast_lair_carwin_1, serial_bayou_shore_a
Lair:6:   lemuel_slime, serial_bayou_shore_b
Lair:7:   portal_ice_cave_entry_pillars_02
Orc:1:    serial_shops, shop
Orc:2:    st_orc_town
Lab:      nicolae_lab_arrow, nicolae_lab_lava
IceCv:    ice_cave_tombish

Table legend:
 A = Turns spent in this place as a percentage of turns spent in the entire game.
 B = Non-inter-level travel turns spent in this place as a percentage of non-inter-level travel turns spent in the entire game.
 C = Inter-level travel turns spent in this place as a percentage of turns spent in this place.
 D = Turns resting spent in this place as a percentage of non-inter-level travel turns spent in this place.
 E = Turns spent auto-exploring this place as a percentage of non-inter-level travel turns spent in this place.
 F = Non-inter-level travel turns spent in this place divided by the number of levels of this place that you've seen.
                   A       B       C       D       E      F
               +-------+-------+-------+-------+-------+----------------------
         Total | 100.0 | 100.0 |   0.5 |   4.3 |   5.4 | 359.6
       Dungeon |  51.7 |  51.6 |   0.6 |   4.9 |   7.2 | 388.1
        Temple |   0.1 |   0.1 |  11.1 |   0.0 |   0.0 |   8.0
          Lair |  35.0 |  35.0 |   0.5 |   4.7 |   4.6 | 413.7
  Orcish Mines |   7.9 |   7.9 |   0.2 |   1.2 |   1.5 | 328.5
     Labyrinth |   5.2 |   5.2 |   0.0 |   0.7 |   0.0 | 429.0
      Ice Cave |   0.1 |   0.1 |   0.0 |  16.7 |   8.3 |  12.0
               +-------+-------+-------+-------+-------+----------------------

Table legend:
 A = Kills in this place as a percentage of kills in entire the game.
 B = Kills by you in this place as a percentage of kills by you in the entire game.
 C = Kills by friends in this place as a percentage of kills by friends in the entire game.
 D = Other kills in this place as a percentage of other kills in the entire game.
 E = Experience gained in this place as a percentage of experience gained in the entire game.
 F = Experience gained in this place divided by the number of levels of this place that you have seen.
                   A       B       C       D       E      F
               +-------+-------+-------+-------+-------+----------------------
         Total | 100.0 | 100.0 | 100.0 | 100.0 | 100.0 | 3390.2
       Dungeon |  49.5 |  57.6 |  14.6 | 100.0 |  32.0 | 2264.9
          Lair |  40.1 |  32.1 |  74.3 |   0.0 |  57.8 | 6443.1
  Orcish Mines |  10.3 |  10.1 |  11.1 |   0.0 |   8.9 | 3458.0
     Labyrinth |   0.1 |   0.2 |   0.0 |   0.0 |   1.3 | 1043.0
               +-------+-------+-------+-------+-------+----------------------
